 Dungeon Crawl Stone Soup version 0.22-a0-567-gff9aefc (webtiles) character file.

3941 emperorscorpion the Skirmisher (level 10, -16/86 HPs)
             Began as a Centaur Berserker on June 28, 2018.
             Was an Elder of Trog.
             Demolished by a two-headed ogre
             ... wielding a cursed -2 giant club
              (29 damage)
             ... on level 9 of the Dungeon on June 29, 2018.
             The game lasted 00:17:51 (2606 turns).

emperorscorpion the Skirmisher (Centaur Berserker)  Turns: 2606, Time: 00:17:52

Health: -16/86     AC: 10    Str: 23    XL:     10   Next: 1%
Magic:  10/10      EV:  9    Int: 10    God:    Trog [****..]
Gold:   234        SH:  0    Dex: 11    Spells: 9/9 levels left

rFire    . . .     SeeInvis .   a - +6 whip of Incongruity {slash, rC+ rN+ Dex+2}
rCold    + . .     Gourm    .   (no shield)
rNeg     + . .     Faith    .   o - +1 scale mail of Maih {Int+4}
rPois    .         Spirit   .   t - +2 hat
rElec    .         Reflect  .   (no cloak)
rCorr    .         Harm     .   (no gloves)
MR       .....                  (no barding)
Stlth    ..........             (no amulet)
HPRegen  0.24/turn              (no ring)
MPRegen  0.12/turn              (no ring)

@: very quick
A: large, hooves 3, deformed body, speed 2, tough skin 3
a: Berserk, Trog's Hand, Brothers in Arms, Renounce Religion


You were on level 9 of the Dungeon.
You worshipped Trog.
Trog was greatly pleased with you.
You were not hungry.

You visited 1 branch of the dungeon, and saw 9 of its levels.
You visited the Abyss 1 time.
You also visited: Ossuary.

You collected 279 gold pieces.
You spent 45 gold pieces at shops.

Inventory:

Hand Weapons
 a - the +6 whip of Incongruity (weapon) {slash, rC+ rN+ Dex+2}
   (You took it off an orc on level 4 of the Dungeon)

   It inflicts extra damage upon your enemies.
   It affects your dexterity (+2).
   It protects you from cold.
   It protects you from negative energy.
 b - a +1 shortbow of velocity
 l - a +0 spear
 u - a +0 halberd
 G - a +0 spear of piercing
 H - a +0 blowgun
 J - a +2 trident of distortion
Missiles
 e - 105 stones (quivered)
 h - a throwing net
 r - 32 arrows
 s - 27 bolts
 v - 5 tomahawks
 D - 14 poisoned needles
Armour
 j - a +0 animal skin
 k - a +0 plate armour
 n - a +0 buckler
 o - the +1 scale mail of Maih (worn) {Int+4}
   (You took it off an orc on level 4 of the Dungeon)

   It affects your intelligence (+4).
 t - a +2 hat (worn)
Wands
 g - a wand of paralysis (10)
Scrolls
 d - 7 scrolls of teleportation
 i - a scroll of amnesia
 m - a scroll of immolation
 q - a scroll of fear {unknown}
 w - a scroll of blinking {unknown}
 x - 5 scrolls of remove curse
 y - 5 scrolls of identify {unknown}
 z - 2 scrolls of noise {unknown}
 A - a scroll of enchant weapon {unknown}
 C - a scroll of magic mapping {unknown}
Potions
 f - a potion of brilliance {unknown}
 p - 2 potions of heal wounds {unknown}
 B - a potion of magic {unknown}
 E - a potion of lignification {unknown}
 I - a potion of agility
Comestibles
 c - 8 rations
 F - 4 chunks of flesh


   Skills:
 + Level 7.3 Fighting
 + Level 7.0 Maces & Flails
 + Level 7.2 Polearms
 + Level 2.4 Bows
 + Level 3.9 Armour
 + Level 3.6 Dodging
 + Level 0.1 Stealth
 + Level 0.5 Evocations


You had 9 spell levels left.
You didn't know any spells.
Your spell library contained the following spells:

 Spells                   Type           Power        Failure   Level  Hunger
 Confuse                  Hex            #.......     95%         3    ####...
 Tukima's Dance           Hex            #.......     95%         3    ####...
 Ensorcelled Hibernation  Hex/Ice        #.....       80%         2    ###....
 Corona                   Hex            #......      67%         1    ##.....
 Dazzling Spray           Conj/Hex       #.....       95%         3    ####...


Dungeon Overview and Level Annotations

Branches:
Dungeon (9/15)             Temple (0/1) D:4
   Lair: D:8-11         Orc: D:9-12

Altars:
Elyvilon
Hepliaklqana
Okawaru
Vehumet
Beogh

Shops:
D:8 ?


Innate Abilities, Weirdness & Mutations

You have hooves in place of feet.
Armour fits poorly on your strangely shaped body.
You cover ground very quickly.
You have extremely tough skin. (AC +3)


Message History

The two-headed ogre is moderately wounded.
The two-headed ogre hits you with a giant club!!
* * * LOW HITPOINT WARNING * * *
The two-headed ogre hits you but does no damage.
You whack the two-headed ogre! You kick the two-headed ogre.
The two-headed ogre is heavily wounded.
You hit the two-headed ogre.
The two-headed ogre is severely wounded.
The two-headed ogre barely misses you. x2
You hit the two-headed ogre.
The two-headed ogre is severely wounded.
You barely miss the two-headed ogre.
The two-headed ogre is severely wounded.
The two-headed ogre hits you with a giant club!
* * * LOW HITPOINT WARNING * * *
The two-headed ogre hits you but does no damage.
You closely miss the two-headed ogre.
The two-headed ogre is severely wounded.
The two-headed ogre hits you with a giant club!!
You die...

# ##.... . ....## # .... #
#.## # ##..###########+###
########.................#
......................>#
########.##.##.#.......# #
#.##.##.#@##.##.# #
#.......#O##.##.#+#
###########..#.#K..........
.............#.#...........
############.#.#...........
...).).).....#.####.##.....
############.# #.# ....= .#
#.. .... .# .... ....


You could see a two-headed ogre and a big kobold.

Vanquished Creatures
  A sixfirhy (Abyss:1)
  A smoke demon (Abyss:1)
  The ghost of Aviak the Shield-Bearer, a novice FoFi (D:4)
  A large abomination (Abyss:1)
  Duvessa (D:5)
  A water moccasin (D:7)
  A necrophage (D:5)
  A centaur (D:8)
  4 ogres
  A phantom (D:5)
  A big kobold (D:9)
  3 elf zombies (Ossuary)
  A gnoll sergeant (D:9)
  Dowan (D:5)
  2 bullfrogs (D:8)
  A scorpion (D:6)
  5 wights (D:6)
  A howler monkey (D:8)
  A crimson imp (D:9)
  5 centaur zombies (Ossuary)
  2 hounds
  4 human zombies (Ossuary)
  An orc wizard (D:3)
  3 bullfrog skeletons
  An orc priest (D:4)
  A gnoll shaman (D:4)
  A centaur skeleton (D:8)
  2 iguanas
  4 worker ants
  3 mummies (Ossuary)
  A worker ant zombie (D:7)
  A howler monkey skeleton (D:7)
  10 gnolls
  6 adders
  A shadow imp (D:4)
  A worm (D:2)
  A dart slug (D:4)
  4 leopard geckos
  15 orcs
  A giant cockroach (D:3)
  3 hobgoblins
  7 jackals
  8 kobolds
  2 quokkas
  A ball python (D:4)
  2 bats
  A frilled lizard (D:4)
  3 goblins
  A jackal zombie (D:7)
  A leopard gecko skeleton (D:4)
  A quokka zombie (D:9)
  2 rats (D:3)
  2 rat zombies (D:7)
131 creatures vanquished.

Vanquished Creatures (others)
  An orc (D:3)
  A giant cockroach (D:3)
2 creatures vanquished.

Grand Total: 133 creatures vanquished

Notes
Turn   | Place    | Note
-------+----------+-------------------------------------------
     0 | D:1      | emperorscorpion the Centaur Berserker began the quest for the Orb.
     0 | D:1      | Reached XP level 1. HP: 19/19 MP: 1/1
     2 | D:1      | You fall through a shaft!
    28 | D:2      | Reached XP level 2. HP: 26/26 MP: 2/2
    44 | D:2      | Reached XP level 3. HP: 31/31 MP: 3/3
   150 | D:4      | Found a white marble altar of Elyvilon.
   160 | D:4      | Reached XP level 4. HP: 25/40 MP: 4/4
   175 | D:4      | Noticed an ogre
   187 | D:4      | Killed an ogre
   187 | D:4      | Reached XP level 5. HP: 16/46 MP: 5/5
   242 | D:3      | Reached ** piety under Trog
   313 | D:3      | Found a radiant altar of Vehumet.
   610 | D:5      | Entered Level 5 of the Dungeon
   615 | D:5      | Reached XP level 6. HP: 53/53 MP: 6/6
   621 | D:5      | Noticed Dowan
   621 | D:5      | Noticed Duvessa
   631 | D:5      | Noticed a sky beast
   696 | D:3      | HP: 2/53 [poisoned by a worker ant]
   735 | D:4      | Reached skill level 5 in Polearms
   766 | D:4      | Found a staircase to the Ecumenical Temple.
   789 | D:4      | HP: 2/55 [adder (1)]
   832 | D:4      | Found a runed gate.
   832 | D:4      | Found a runed gate.
   832 | D:4      | Found a runed gate.
   840 | D:4      | Noticed Aviak's ghost (novice FoFi)
   844 | D:4      | Reached XP level 7. HP: 47/60 MP: 7/7
   847 | D:4      | Found a roughly hewn altar of Beogh.
   854 | D:4      | Killed Aviak's ghost
   854 | D:4      | Reached skill level 5 in Fighting
   862 | D:4      | Got an ichor-stained whip {slash}
   862 | D:4      | Got a dazzling scale mail
   891 | D:4      | Identified the +1 scale mail of Maih {Int+4} (You took it off an orc on level 4 of the Dungeon)
   891 | D:4      | Identified the +6 whip of Incongruity {slash, rC+ rN+ Dex+2} (You took it off an orc on level 4 of the Dungeon)
   975 | D:5      | Killed Duvessa
   977 | D:5      | Killed Dowan
   977 | D:5      | Reached XP level 8. HP: 45/69 MP: 8/8
  1101 | D:5      | Reached skill level 1 in Maces & Flails
  1235 | D:6      | Reached *** piety under Trog
  1246 | D:6      | Found a hazy altar of Hepliaklqana.
  1491 | D:5      | Found an iron altar of Okawaru.
  1545 | D:7      | Found a sand-covered staircase.
  1558 | Ossuary  | Entered an ossuary
  1621 | Ossuary  | Reached XP level 9. HP: 60/78 MP: 9/9
  1946 | D:8      | Reached skill level 5 in Maces & Flails
  1952 | D:8      | Found Urryg's Magic Scroll Shop.
  1964 | D:8      | Bought a scroll of teleportation for 45 gold pieces
  2041 | D:8      | Reached **** piety under Trog
  2175 | D:9      | Cast into level 1 of the Abyss (gnoll sergeant)
  2178 | Abyss:1  | Noticed a smoke demon
  2199 | Abyss:1  | Killed a smoke demon
  2199 | Abyss:1  | Reached skill level 1 in Bows
  2280 | Abyss:1  | Noticed a tentacled starspawn
  2340 | Abyss:1  | Noticed a sixfirhy
  2347 | Abyss:1  | Killed a sixfirhy
  2349 | D:9      | Escaped the Abyss
  2429 | D:9      | Upgraded the game from 0.22-a0-558-gc224181 to 0.22-a0-567-gff9aefc
  2494 | D:9      | Reached XP level 10. HP: 86/86 MP: 10/10
  2590 | D:8      | Noticed a two-headed ogre
  2606 | D:9      | Demolished by a two-headed ogre

Vault maps used:
D:1:      dpeg_arrival_shelter, cheibriados_altar_1
D:2:      first_ration, minmay_octomino_c4
D:3:      fiery_altar_vehumet
D:4:      minmay_temple_entry_glassed_door, biasface_ghost_orc_armoury,
          serial_forest, infiniplex_forest_clump_C,
          infiniplex_forest_clump_double, infiniplex_forest_lined_2,
          infiniplex_forest_zigzag_1, infiniplex_forest_end_double,
          elyvilon_altar_5
D:5:      marbit_many_paths, nicolae_overflow_hidden_temple, uniq_duvessa
D:6:      kennysheep_mini_moat
D:7:      enter_ossuary_3
D:8:      serial_shops, shop
D:9:      orc_0_dummy
Ossuary:  ossuary_minmay_four_chambers

Skill      XL: |  1  2  3  4  5  6  7  8  9 |
---------------+----------------------------+-----
Polearms       | 3 4 5 6 7 |  7.2
Fighting       | 4 5 6 7 |  7.3
Dodging        | 2 3 |  3.6
Armour         | 2 3 |  3.9
Maces & Flails | 3 7 |  7.0
Bows           | 2 |  2.4
Stealth        | |  0.1
Evocations     | |  0.5

Action                   |  1- 3 |  4- 6 |  7- 9 | 10-12 || total
-------------------------+-------+-------+-------+-------++-------
Melee: Spear             |    32 |    96 |    24 |       ||   152
       Kick              |     5 |    18 |    82 |     5 ||   110
       Whip              |       |       |   226 |    23 ||   249
 Fire: Shortbow          |       |       |    17 |       ||    17
Invok: Berserk           |     1 |     5 |     8 |       ||    14
       Trog's Hand       |       |       |     2 |       ||     2
Evoke: Wand              |       |       |     1 |       ||     1
  Use: Potion            |       |     3 |       |       ||     3
       Scroll            |       |     2 |     2 |       ||     4
  Eat: Chunk             |       |     3 |    15 |       ||    18
Armor: Animal skin       |     4 |    38 |       |       ||    42
       Scale mail        |       |       |    83 |    10 ||    93
Dodge: Dodged            |     9 |    59 |    72 |     5 ||   145

Table legend:
 A = Spawn XP
 B = Non-spawn XP
 C = Spawn XP percentage of total XP
 D = Spawn monster count
 E = Non-spawn monster count
 F = Spawn count percentage of total count
 G = Total turns spent on level
                    A         B        C        D         E        F      G
               +---------+---------+-------+---------+---------+-------+---------
         Total |    1434 |    4196 |  25.5 |       3 |     128 |   2.3 |  2606
               +---------+---------+-------+---------+---------+-------+---------
           D:2 |       0 |      55 |   0.0 |       0 |      10 |   0.0 |   124
           D:3 |       0 |      82 |   0.0 |       0 |      15 |   0.0 |   434
           D:4 |       0 |    1098 |   0.0 |       0 |      29 |   0.0 |   481
           D:5 |       0 |     574 |   0.0 |       0 |       9 |   0.0 |    86
           D:6 |       0 |     442 |   0.0 |       0 |      16 |   0.0 |   377
           D:7 |       0 |     214 |   0.0 |       0 |       7 |   0.0 |    85
           D:8 |       0 |     664 |   0.0 |       0 |      11 |   0.0 |   207
           D:9 |       0 |     335 |   0.0 |       0 |      16 |   0.0 |   351
       Abyss:1 |    1434 |       0 | 100.0 |       3 |       0 | 100.0 |   174
       Ossuary |       0 |     732 |   0.0 |       0 |      15 |   0.0 |   285
               +---------+---------+-------+---------+---------+-------+---------
